 Dungeon Crawl Stone Soup version 0.21.0-3-g78d12a8 (webtiles) character file.

387 Mgcat the Cleaver (level 6, -1/52 HPs)
             Began as a Minotaur Berserker on Jan 12, 2018.
             Was a Believer of Trog.
             Slain by an ogre
             ... wielding a +0 giant club
              (19 damage)
             ... on level 4 of the Dungeon.
             The game lasted 00:05:43 (2619 turns).

Mgcat the Cleaver (Minotaur Berserker)              Turns: 2619, Time: 00:05:44

Health: -1/52      AC:  8    Str: 22    XL:     6   Next: 49%
Magic:  14/14      EV:  8    Int:  4    God:    Trog [**....]
Gold:   211        SH:  0    Dex: 11    Spells: 5/5 levels left

rFire    . . .     SeeInvis .   a - +0 hand axe
rCold    . . .     Gourm    .   (no shield)
rNeg     . . .     Faith    .   m - +0 chain mail
rPois    .         Spirit   .   (helmet restricted)
rElec    .         Reflect  .   (no cloak)
rCorr    +         Harm     .   (no gloves)
MR       ++...                  (no boots)
Stlth    ..........             p - amulet of rage (curse)
HPRegen  1.17/turn              n - ring of resist corrosion
MPRegen  0.14/turn              o - ring of magical power

@: starving, regenerating
A: retaliatory headbutt, horns 2
a: Berserk, Trog's Hand, Burn Spellbooks, Renounce Religion, Evoke Berserk Rage


You were on level 4 of the Dungeon.
You worshipped Trog.
Trog was pleased with you.
You were starving.

You visited 1 branch of the dungeon, and saw 4 of its levels.

You collected 211 gold pieces.

Inventory:

Hand Weapons
 a - a +0 hand axe (weapon)
Armour
 m - a +0 chain mail (worn)
Jewellery
 d - a +2 amulet of reflection
 l - an uncursed ring of fire
 n - a ring of resist corrosion (left hand)
 o - a ring of magical power (right hand)
 p - a cursed amulet of rage (around neck)
Scrolls
 e - 3 scrolls of remove curse {unknown}
 f - 2 scrolls of teleportation {unknown}
 h - 2 scrolls of identify {unknown}
 j - a scroll of random uselessness {unknown}
 k - 2 scrolls of fear {unknown}
 q - a scroll of blinking {unknown}
Potions
 b - a potion of heal wounds {unknown}
 g - 3 potions of curing {unknown}
 i - a potion of invisibility {unknown}
 r - a potion of might {unknown}
Comestibles
 c - 11 rations


   Skills:
 - Level 3.6 Fighting
 + Level 8.9 Axes
 - Level 2.4 Armour
 - Level 2.2 Dodging


You had 5 spell levels left.
You didn't know any spells.

Dungeon Overview and Level Annotations

Branches:
Dungeon (4/15)
 Temple: D:4-7

Altars:
Makhleb


Innate Abilities, Weirdness & Mutations

You reflexively headbutt those who attack you in melee.
You have a pair of horns on your head.


Message History

Found a scroll labeled SAIDOAZ LAOJUQIJE.
You barely miss the ogre. The ogre hits you with a giant club!
You hit the ogre.
The ogre is lightly wounded.
Your chain mail prevents you from hitting the ogre.
You headbutt the ogre!
The ogre is heavily wounded.
The ogre hits you with a giant club!!
Your skin crawls.
You feel resistant to hostile enchantments.
You are starving!
The ogre hits you with a giant club!
You're too hungry.
You need to eat something NOW!
Your chain mail prevents you from hitting the ogre.
The ogre is heavily wounded.
You hit the ogre.
The ogre is heavily wounded.
The ogre hits you with a giant club!!
You die...

######.##.######.##
#.##.# #.# #.##.# .
. #.#######.##.##
.# #
#.............# .#
#####.#######.# #.#
. ...#.##.# .#
#.?...@# ##.###O#
..# .#.# #.... #
..# ... ...#


You could see an ogre.

Vanquished Creatures
  Blork the orc (D:4)
  A scorpion (D:4)
  A bullfrog zombie (D:4)
  A centaur zombie (D:4)
  An orc priest (D:3)
  An orc wizard (D:3)
  3 gnolls (D:3)
  5 adders
  An ooze (D:3)
  2 worms
  3 leopard geckos
  4 orcs (D:3)
  4 bats
  2 giant cockroaches
  7 goblins
  7 hobgoblins
  3 jackals (D:2)
  6 kobolds
  2 ball pythons
  3 frilled lizards
  A giant cockroach zombie (D:4)
  A leopard gecko zombie (D:4)
  6 rats
66 creatures vanquished.

Notes
Turn   | Place    | Note
-------+----------+-------------------------------------------
     0 | D:1      | Mgcat the Minotaur Berserker began the quest for the Orb.
     0 | D:1      | Reached XP level 1. HP: 19/19 MP: 0/0
    44 | D:1      | Reached skill level 4 in Axes
    93 | D:1      | Reached XP level 2. HP: 26/27 MP: 1/1
   685 | D:2      | Reached skill level 5 in Axes
   691 | D:2      | Reached XP level 3. HP: 33/33 MP: 2/2
   879 | D:2      | Reached ** piety under Trog
  1039 | D:2      | Reached skill level 6 in Axes
  1039 | D:2      | Reached XP level 4. HP: 36/40 MP: 3/3
  1894 | D:3      | Reached XP level 5. HP: 46/46 MP: 4/4
  2003 | D:3      | Reached skill level 7 in Axes
  2161 | D:3      | Found a burning altar of Makhleb.
  2161 | D:3      | Noticed an Executioner
  2164 | D:3      | Noticed a smoke demon
  2164 | D:3      | Noticed a smoke demon
  2339 | D:4      | Reached skill level 8 in Axes
  2339 | D:4      | Reached XP level 6. HP: 38/52 MP: 5/5
  2417 | D:4      | Noticed Blork the orc
  2425 | D:4      | Killed Blork the orc
  2619 | D:4      | Slain by an ogre

Skill      XL: |  1  2  3  4  5 |
---------------+----------------+-----
Axes           | 4 5 6 8 |  8.9
Fighting       | |  3.6
Armour         | |  2.4
Dodging        | |  2.2

Action                   |  1- 3 |  4- 6 || total
-------------------------+-------+-------++-------
Melee: Hand axe          |    71 |    92 ||   163
       Headbutt          |    12 |    20 ||    32
Invok: Trog's Hand       |       |     3 ||     3
       Berserk           |       |     2 ||     2
  Eat: Chunk             |       |     6 ||     6
Armor: Ring mail         |    15 |       ||    15
       Scale mail        |    10 |     1 ||    11
       Chain mail        |       |    26 ||    26
Dodge: Dodged            |    42 |    35 ||    77
Block: Other             |     1 |     6 ||     7
